 Dungeon Sprint DCSS version 0.30.1-11-g7821555f0a (webtiles) character file.

Game seed: 2636644362862889145

196 Heoruswealwe the Spear-Bearer (level 5, -7/53 HPs)
             Began as a Minotaur Fighter on Jan 8, 2024.
             Was an Initiate of Gozag.
             Mangled by a two-headed ogre
             ... wielding a +0 giant spiked club
              (10 damage)
             ... in the Dungeon (Sprint IX: "|||||||||||||||||||||||||||||").
             The game lasted 00:02:04 (175 turns).

Heoruswealwe the Spear-Bearer (Minotaur Fighter)     Turns: 175, Time: 00:02:04

Health: -7/53      AC: 10    Str: 28    XL:     5   Next: 46%
Magic:  4/4        EV: 10    Int:  5    God:    Gozag
Gold:   0          SH:  0    Dex: 10    Spells: 4/4 levels left

rFire   . . .        b - +2 halberd (venom)
rCold   . . .        (shield currently unavailable)
rNeg    . . .        c - +2 ring mail
rPois   .            (helmet restricted)
rElec   .            (no cloak)
rCorr   .            f - +0 pair of gloves
SInv    .            (no boots)
Will    .....        (no amulet) Stlth
                     k - +3 ring of strength
HPRegen 0.28/turn    j - +3 ring of strength
MPRegen 0.09/turn

%: no teleportation
@: gold aura, slowed, very slow
A: horns 2, retaliatory headbutt
a: Renounce Religion, Potion Petition, Call Merchant, Bribe Branch


You were in the Dungeon.
You worshipped Gozag.
Gozag was noncommittal.
You visited 1 branch

Inventory:

Hand Weapons
 a - a +0 trident
 b - a +2 halberd of venom (weapon)
Armour
 c - a +2 ring mail (worn)
 d - a +0 buckler
 f - a +0 pair of gloves (worn)
Jewellery
 j - a +3 ring of strength (right hand)
 k - a +3 ring of strength (left hand)
Wands
 h - a wand of quicksilver (10)
Scrolls
 n - 2 scrolls of blinking
Potions
 e - 5 potions of curing
 g - a potion of haste
 i - a potion of berserk rage
 l - 3 potions of heal wounds
 m - a potion of might


   Skills:
 + Level 7.7 Fighting
 * Level 9.9 Polearms
 + Level 7.7 Armour
 - Level 3.6 Shields


You had 4 spell levels left.
You didn't know any spells.
Your spell library was empty.

Dungeon Overview and Level Annotations

Branches:
Dungeon (1/1)

Altars:
Cheibriados
Dithmenos
Elyvilon
Fedhas
Gozag
Hepliaklqana
Kikubaaqudgha
Makhleb
Nemelex Xobeh
Okawaru
Qazlal
Ru
Sif Muna
Trog
Uskayaw
Vehumet
Wu Jian
Xom
Yredelemnul
Zin
The Shining One
Jiyva
Lugonu


Innate Abilities, Weirdness & Mutations

You have a pair of horns on your head.
You reflexively headbutt those who attack you in melee.


Message History

You barely miss the wraith. Your headbutt misses the wraith.
The wraith is lightly damaged.
The wraith barely misses you.
You closely miss the wraith. Your headbutt misses the wraith.
The wraith barely misses you. You furiously retaliate!
You headbutt the wraith. You closely miss the wraith.
You headbutt the wraith, but do no damage.
The wraith is lightly damaged.
The wraith hits you. The wraith drains your vigour!
You feel yourself slow down.
You barely miss the wraith. You headbutt the wraith.
The wraith is moderately damaged.
The wraith hits you but does no damage. The wraith closely misses you.
You furiously retaliate!
You headbutt the wraith. You hit the wraith but do no damage.
The wraith is moderately damaged.
The wraith barely misses you.
You slash the wraith! Your headbutt misses the wraith.
The wraith is severely damaged.
The wraith hits you but does no damage. x2
You closely miss the wraith. Your headbutt misses the wraith.
The wraith is severely damaged.
The wraith hits you but does no damage.
You closely miss the wraith.
The wraith is severely damaged.
The wraith hits you! The wraith hits you. The wraith drains your vigour!
You feel as though you will be slow longer.
You completely miss the wraith. You headbutt the wraith.
The wraith is almost destroyed.
The wraith hits you.
You hit the wraith but do no damage.
The wraith is almost destroyed.
The wraith completely misses you. You furiously retaliate!
You headbutt the wraith!
You destroy the wraith!
The two-headed ogre hits you with a +0 giant spiked club!
* * * LOW HITPOINT WARNING * * *
The two-headed ogre hits you with a +0 giant spiked club!
You die...
Your body crumbles into a pile of gold. ▓▓▓▓▓▓▓▓▓▓▓▓▓▓▓▓▓▓▓▓▓▓▓▓ _______'!?)[.[..@Oly.{.. ▓▓▓▓▓▓▓▓▓▓▓▓▓▓▓▓▓▓▓▓▓▓▓▓ $ $ $$$$$$ $$$$$ $ $ $ $$$$$

You could see a two-headed ogre, a hornet and a wyvern.

Vanquished Creatures
  A wraith (D)
  An ogre (D)
  A killer bee (D)
  A hound (D)
  An iguana (D)
  A shadow imp (D)
  A white imp (D)
  A bat (D)
  A hobgoblin (D)
  A jackal (D)
  A frilled lizard (D)
  A rat (D)
12 creatures vanquished.

Notes
Turn   | Place    | Note
-------+----------+-------------------------------------------
     0 | D        | Heoruswealwe the Minotaur Fighter began the quest for the
                  | Orb.
     0 | D        | Reached XP level 1. HP: 19/19 MP: 0/0
     5 | D        | Reached skill level 3 in Polearms
    18 | D        | Noticed an iguana
    18 | D        | Noticed a hound
    18 | D        | Noticed an ogre
    20 | D        | Killed an iguana
    21 | D        | Reached skill level 5 in Fighting
    21 | D        | Reached skill level 5 in Polearms
    21 | D        | Reached skill level 5 in Armour
    21 | D        | Reached XP level 2. HP: 29/29 MP: 1/1
    21 | D        | Reached XP level 3. HP: 36/36 MP: 2/2
    23 | D        | Reached skill level 6 in Polearms
    28 | D        | Killed an ogre
    29 | D        | Reached skill level 8 in Polearms
    29 | D        | Reached XP level 4. HP: 23/47 MP: 3/3
    29 | D        | Reached XP level 5. HP: 25/52 MP: 4/4
    31 | D        | Reached skill level 9 in Polearms
    37 | D        | Found a snail-covered altar of Cheibriados.
    37 | D        | Found a shadowy altar of Dithmenos.
    37 | D        | Found a white marble altar of Elyvilon.
    37 | D        | Found a blossoming altar of Fedhas.
    37 | D        | Found an opulent altar of Gozag.
    38 | D        | Found a hazy altar of Hepliaklqana.
    39 | D        | Found a viscous altar of Jiyva.
    40 | D        | Found an ancient bone altar of Kikubaaqudgha.
    41 | D        | Found a corrupted altar of Lugonu.
    42 | D        | Found a burning altar of Makhleb.
    43 | D        | Found a sparkling altar of Nemelex Xobeh.
    44 | D        | Found an iron altar of Okawaru.
    45 | D        | Became a worshipper of Gozag Ym Sagoz the Greedy
    46 | D        | Found a stormy altar of Qazlal.
    47 | D        | Found a sacrificial altar of Ru.
    48 | D        | Found a shimmering blue altar of Sif Muna.
    49 | D        | Found a bloodstained altar of Trog.
    50 | D        | Found a hide-covered altar of Uskayaw.
    51 | D        | Found a radiant altar of Vehumet.
    52 | D        | Found an ornate altar of the Wu Jian Council.
    53 | D        | Found a shimmering altar of Xom.
    54 | D        | Found a basalt altar of Yredelemnul.
    55 | D        | Found a glowing silver altar of Zin.
    56 | D        | Found a glowing golden altar of the Shining One.
   157 | D        | Noticed a wraith
   157 | D        | Noticed a two-headed ogre
   157 | D        | Noticed a wyvern
   157 | D        | Noticed a hornet
   175 | D        | Killed a wraith
   175 | D        | Mangled by a two-headed ogre

Illustrated notes

Levels and vault maps discovered:
D:        linesprint [early_d, line_temple, items_1, d_10, items_2, lair_1,
          lair_end, items_3, orc_1, orc_end, items_4, d_15, swamp_1, shoals_1,
          snake_1, spider_1, d_20, vaults_1, items_5, swamp_end, shoals_end,
          snake_end, spider_end, vaults_end, d_27, items_6, zot_1, zot_end,
          crypt_end, forest_end, elf_end, slime_end, tomb_end, abyss_end,
          pan_hell_end]

Skill      XL: |  1  2  3  4  5 |
---------------+----------------+-----
Polearms       | 5 8 9 |  9.9
Fighting       | 5 7 |  7.7
Armour         | 5 7 |  7.7
Shields        | |  3.6

Action                     |  1- 3 |  4- 6 || total
---------------------------+-------+-------++-------
  Melee: Trident           |    17 |     2 ||    19
         Headbutt          |     3 |     4 ||     7
         Halberd           |       |    18 ||    18
 Armour: Scale mail        |     5 |       ||     5
         Ring mail         |       |     6 ||     6
  Dodge: Dodged            |     5 |     9 ||    14
  Block: Buckler           |     3 |       ||     3
